 Dungeon Crawl Stone Soup version 0.30.1-4-g462c640d31 (webtiles) character file.

Game seed: 14346687960939323035

875 Logoto the Firebug (level 7, -2/53 HPs)
             Began as a Pale Draconian Fire Elementalist on Aug 16, 2023.
             Was an Initiate of Vehumet.
             Slain by a sky beast (6 damage)
             ... on level 6 of the Dungeon.
             The game lasted 00:23:43 (6812 turns).

Logoto the Firebug (DrFE)                           Turns: 6812, Time: 00:23:46

Health: -2/53      AC:  6    Str: 13    XL:     7   Next: 74%
Magic:  10/13      EV: 12    Int: 15    God:    Vehumet [......]
Gold:   250        SH:  0    Dex: 11    Spells: 7/14 levels left

rFire   + . .        G - +0 war axe
rCold   + . .        (no shield)
rNeg    . . .        (body armour unavailable)
rPois   .            (helmet restricted)
rElec   .            x - scarf {rC+ rF+}
rCorr   .            (no gloves)
SInv    .            (no boots)
Will    +....        i - amulet of the acrobat
Stlth   ++           h - ring of willpower
HPRegen 0.28/turn    (no ring)
MPRegen 0.13/turn

%: acrobat
@: no status effects
A: breathe steam, AC +6, unfitting armour, cold-blooded, steam resistance
a: Breathe Steam, Renounce Religion


You were on level 6 of the Dungeon.
You worshipped Vehumet.
Vehumet was noncommittal.
You visited 2 branches of the dungeon, and saw 7 of its levels.

You collected 250 gold pieces.

Inventory:

Hand Weapons
 c - a +0 spear
 d - a +0 hand axe
 G - a +0 war axe (weapon)
Armour
 s - a +0 kite shield
 x - a scarf of resistance (worn)
Magical Staves
 D - a staff of conjuration
Jewellery
 h - a ring of willpower (left hand)
 i - an amulet of the acrobat (around neck)
 E - a +4 ring of protection
Wands
 n - a wand of polymorph (12)
 A - a wand of roots (4)
 F - a wand of paralysis (7)
Scrolls
 b - 5 scrolls of identify {unknown}
 f - 2 scrolls of teleportation {unknown}
 g - a scroll of magic mapping {unknown}
 k - a scroll of fog {unknown}
 l - a scroll of acquirement {unknown}
 m - a scroll of silence {unknown}
 p - 3 scrolls of enchant armour {unknown}
 q - 2 scrolls of blinking {unknown}
 t - a scroll of immolation {unknown}
 u - a scroll of fear {unknown}
 v - a scroll of poison {unknown}
 y - a scroll of torment {unknown}
Potions
 a - a potion of magic
 e - 2 potions of heal wounds {unknown}
 j - 3 potions of curing {unknown}
 o - a potion of degeneration {unknown}
 r - a potion of brilliance {unknown}
 w - 3 potions of mutation {unknown}
 z - a potion of flight {unknown}
 B - 2 potions of lignification {unknown}
 C - a potion of invisibility {unknown}


   Skills:
 + Level 1.9 Fighting
 + Level 2.3(2.4) Axes
 + Level 0.4(1.5) Polearms
 + Level 3.2 Dodging
 + Level 2.7 Stealth
 + Level 0.9 Shields
 + Level 0.1 Unarmed Combat
 + Level 4.4 Spellcasting
 + Level 1.5 Conjurations
 + Level 6.5 Fire Magic
 + Level 0.2 Evocations


You had 7 spell levels left.
You knew the following spells:

 Your Spells              Type           Power      Damage    Failure   Level
a - Foxfire               Conj/Fire      60%        2x1d7     3%          1
b - Scorch                Fire           44%        2d6       1%          2
c - Flame Wave            Conj/Fire      15%        2d7       32%         4

Your spell library contained the following spells:

 Spells                   Type           Power      Damage    Failure   Level
 Inner Flame              Hex/Fire       13%        N/A       14%         3
 Volatile Blastmotes      Fire/Tloc      26%        2d12      14%         3
 Ensorcelled Hibernation  Hex/Ice        6%         N/A       26%         2
 Poisonous Vapours        Pois/Air       6%         N/A       26%         2
 Mephitic Cloud           Conj/Pois/Air  4%         N/A       38%         3
 Call Canine Familiar     Summ           3%         N/A       45%         3
 Gell's Gravitas          Tloc           3%         N/A       45%         3
 Portal Projectile        Hex/Tloc       6%         N/A       45%         3
 Spider Form              Tmut/Pois      3%         N/A       45%         3
 Teleport Other           Tloc           3%         N/A       45%         3
 Anguish                  Hex/Necr       1%         N/A       86%         4
 Leda's Liquefaction      Hex/Erth       1%         N/A       86%         4
 Freezing Cloud           Conj/Ice/Air   2%         6-21      98%         5
 Dispersal                Tloc           1%         N/A       100%        6


Dungeon Overview and Level Annotations

Branches:
Dungeon (6/15)             Temple (1/1) D:5

Altars:
Ashenzari
Cheibriados
Elyvilon
Fedhas
Gozag
Hepliaklqana
Kikubaaqudgha
Makhleb
Nemelex Xobeh
Okawaru
Qazlal
Ru
Sif Muna
Trog
Uskayaw
Vehumet
Wu Jian
Xom
Yredelemnul
The Shining One


Innate Abilities, Weirdness & Mutations

You can breathe blasts of scalding, opaque steam.
Your pale cyan-grey scales are hard. (AC +6)
You cannot fit into any form of body armour.
You are cold-blooded and may be slowed by cold attacks.
You are immune to the effects of steam.


Message History

Something hits you but does no damage.
You closely miss something. Something hits you. Something shocks you.
You miss something. Something hits you but does no damage.
Something completely misses you.
You barely miss something.
A sky beast appears from thin air!
Reactivating autopickup.
The sky beast hits you but does no damage.
The sky beast attacks as you move away! The sky beast hits you.
The sky beast shocks you.
You barely miss the sky beast.
Your tail-slap misses the sky beast.
The sky beast is almost dead.
The sky beast closely misses you.
You barely miss the sky beast.
The sky beast is almost dead.
The sky beast barely misses you.
The sky beast hits you but does no damage.
You hit the sky beast but do no damage.
The sky beast is almost dead.
The sky beast hits you. The sky beast shocks you.
You closely miss the sky beast.
The sky beast is almost dead.
The sky beast misses you.
You barely miss the sky beast.
The sky beast is almost dead.
The sky beast hits you but does no damage.
The sky beast barely misses you.
You hit the sky beast.
The sky beast is almost dead.
The sky beast flickers out of sight!
Deactivating autopickup; reactivate with Ctrl-A.
Something hits you. Something shocks you.
* * * LOW HITPOINT WARNING * * *
You barely miss something. Something hits you.
* * * LOW HITPOINT WARNING * * *
Something shocks you.
* * * LOW HITPOINT WARNING * * *
Something hits you.
* * * LOW HITPOINT WARNING * * *
Something shocks you.
You die...

## .
###########.#
#.........#.#
#@.....#
#{##.### #.##.#
#.##.# .D
#.##.#########..
#.##......<.##.#
#.#######...##.#
#.# #...##.# #
#.# #...##.#.#


There were no monsters in sight!

Vanquished Creatures
  Eustachio (Temple)
  An ice beast (D:5)
  3 black bears
  A howler monkey (D:5)
  A hound (D:5)
  Jessica (D:2)
  An iguana (D:5)
  An orc wizard (D:6)
  14 adders
  2 worms
  2 dart slugs
  6 orcs
  9 endoplasms
  2 giant cockroaches
  10 goblins
  7 hobgoblins
  5 jackals (D:1)
  3 quokkas
  12 ball pythons
  6 bats
  4 frilled lizards
  7 kobolds
  4 rats
103 creatures vanquished.

Vanquished Creatures (others)
  96 foxfires
96 creatures vanquished.

Grand Total: 199 creatures vanquished

Notes
Turn   | Place    | Note
-------+----------+-------------------------------------------
     0 | D:1      | Logoto the Draconian Fire Elementalist began the quest for
                  | the Orb.
     0 | D:1      | Reached XP level 1. HP: 14/14 MP: 3/3
   166 | D:1      | Reached XP level 2. HP: 18/20 MP: 3/5
   169 | D:1      | Learned a level 2 spell: Scorch
  1125 | D:2      | Reached XP level 3. HP: 26/26 MP: 4/6
  1417 | D:2      | Noticed Jessica
  1423 | D:2      | Killed Jessica
  1424 | D:2      | Reached skill level 1 in Axes
  1424 | D:2      | Reached XP level 4. HP: 33/33 MP: 2/7
  2386 | D:3      | Reached skill level 4 in Fire Magic
  3054 | D:4      | Reached XP level 5. HP: 39/39 MP: 5/9
  3958 | D:4      | Found a snail-covered altar of Cheibriados.
  3959 | D:4      | Noticed a black bear
  3981 | D:4      | Killed a black bear
  4048 | D:4      | Found a bloodstained altar of Trog.
  4106 | D:5      | Entered Level 5 of the Dungeon
  4138 | D:5      | Reached XP level 6. HP: 46/46 MP: 5/10
  4138 | D:5      | Noticed Eustachio
  4343 | D:4      | Reached skill level 1 in Fighting
  4602 | D:5      | Found a sacrificial altar of Ru.
  4622 | D:5      | Reached skill level 5 in Fire Magic
  4636 | D:5      | Found a staircase to the Ecumenical Temple.
  4748 | D:5      | Found a blossoming altar of Fedhas.
  4973 | Temple   | Entered the Ecumenical Temple
  5490 | Temple   | Became a worshipper of Vehumet
  5955 | Temple   | Killed Eustachio
  5956 | Temple   | Your scales start taking on a pale cyan-grey colour.
  5956 | Temple   | Reached XP level 7. HP: 51/52 MP: 7/12
  5956 | Temple   | Gained mutation: You are immune to the effects of steam.
                  | [Pale Draconian growth]
  6025 | D:5      | Reached skill level 6 in Fire Magic
  6030 | D:5      | Learned a level 4 spell: Flame Wave
  6755 | D:6      | Noticed a steam dragon
  6812 | D:6      | Slain by a sky beast

Illustrated notes

Levels and vault maps discovered:
D:1:      lightli_arrival_statue_moat, layout_basic
D:2:      layout_loops_cross, uniq_jessica
D:3:      layout_basic
D:4:      layout_cave_pods, cheibriados_altar_1, trog_book,
          dreamdust_mushroom_princess, roderic_roman_lattice
D:5:      nicolae_cairo_tiling, layout_basic, nicolae_ru_sacrificial_ziggurat,
          lemuel_round_altar, nicolae_half_adder, uniq_eustachio
D:6:      layout_basic, serial_shops, nicolae_shop_peninsula,
          uniq_crazy_yiuf_cottage
Temple:   lightli_temple_of_artemis

Skill      XL: |  1  2  3  4  5  6  7 |
---------------+----------------------+-----
Dodging        | 2 3 |  3.2
Stealth        | 2 |  2.7
Axes           | 1 2 |  2.3
Fire Magic     | 4 5 6 |  6.5
Spellcasting   | 3 4 |  4.4
Fighting       | 1 |  1.9
Polearms       | |  0.4
Shields        | |  0.9
Unarmed Combat | |  0.1
Conjurations   | |  1.5
Evocations     | |  0.2

Action                     |  1- 3 |  4- 6 |  7- 9 || total
---------------------------+-------+-------+-------++-------
  Melee: Spear             |    19 |       |       ||    19
         Unarmed           |    10 |       |       ||    10
         Tailslap          |     9 |    17 |     3 ||    29
         Punch             |     1 |     1 |       ||     2
         Hand axe          |    56 |   142 |     7 ||   205
         War axe           |       |       |    24 ||    24
   Cast: Foxfire           |    17 |    38 |     6 ||    61
         Scorch            |     4 |    55 |    11 ||    70
         Flame Wave        |       |       |     2 ||     2
  Evoke: Wand              |       |     3 |       ||     3
   Stab: Sleeping          |     4 |     2 |       ||     6
 Armour: Skin              |    37 |    81 |    25 ||   143
  Dodge: Dodged            |    78 |   204 |    32 ||   314
  Block: Kite shield       |       |    49 |       ||    49
